 Dungeon Crawl Stone Soup version 0.31-a0-986-g5e6e4ef867 (webtiles) character file.

Game seed: 14461557638558532945

106 rocky1 the Poker (level 4, -5/34 HPs)
             Began as a Merfolk Gladiator on Nov 24, 2023.
             Slain by a gnoll
             ... wielding a +0 whip
              (6 damage)
             ... on level 3 of the Dungeon.
             The game lasted 00:05:30 (2802 turns).

rocky1 the Poker (Merfolk Gladiator)                Turns: 2802, Time: 00:05:31

Health: -5/34      AC:  5    Str: 16    XL:     4   Next: 84%
Magic:  4/4        EV: 13    Int:  7    God:
Gold:   146        SH:  0    Dex: 15    Spells: 1/3 levels left

rFire   . . .        a - +0 trident
rCold   . . .        (no shield)
rNeg    . . .        u - +0 leather armour {rPois}
rPois   +            c - +0 helmet
rElec   .            (no cloak)
rCorr   .            (no gloves)
SInv    .            r - +0 pair of boots
Will    .....        (no amulet)
Stlth   +            (no ring)
HPRegen 0.25/turn    (no ring)
MPRegen 0.09/turn

%: no passive effects
@: no status effects
A: (nimble swimmer 2), mertail
a: no special abilities


You were on level 3 of the Dungeon.
You visited 1 branch of the dungeon, and saw 4 of its levels.

You collected 146 gold pieces.

Inventory:

Hand Weapons
 a - a +0 trident (weapon)
 j - a +4 spear
Missiles
 d - 3 throwing nets
 e - a javelin
 n - 3 atropa-tipped darts
 q - 3 boomerangs (quivered)
 w - 2 poisoned darts
Armour
 b - a +0 leather armour
 c - a +0 helmet (worn)
 r - a +0 pair of boots (worn)
 u - a +0 leather armour of poison resistance (worn)
Scrolls
 g - 2 scrolls of immolation
 h - 3 scrolls of teleportation {unknown}
 i - a scroll of identify
 o - a scroll of acquirement {unknown}
 p - a scroll of summoning {unknown}
 v - a scroll of enchant weapon {unknown}
 y - a scroll of poison {unknown}
Potions
 f - a potion of resistance {unknown}
 k - 3 potions of haste
 l - a potion of degeneration {unknown}
 m - 2 potions of lignification {unknown}
 s - 2 potions of curing {unknown}
 t - a potion of might {unknown}
 x - a potion of enlightenment {unknown}


   Skills:
 - Level 2.6 Fighting
 + Level 5.8 Polearms
 - Level 2.1 Throwing
 - Level 0.9 Armour
 - Level 4.8 Dodging
 - Level 0.1 Stealth


You had one spell level left.
You knew the following spells:

 Your Spells              Type           Power      Damage    Failure   Level
a - Wereblood             Tmut           0%         N/A       65%         2

Your spell library contained the following spells:

 Spells                   Type           Power      Damage    Failure   Level
 Sublimation of Blood     Necr           0%         N/A       65%         2
 Summon Hydra             Summ           0%         N/A       100%        7


Dungeon Overview and Level Annotations

Branches:
Dungeon (4/15)
 Temple: D:4-7

Altars:


Innate Abilities, Weirdness & Mutations

((You are very nimble when in or above water. (Stealth+, EV+, Speed+++)))
Your lower body shifts to a powerful aquatic tail in water.


Message History

You kill the ball python!
No target in view!
k - 3 potions of haste (gained 1)
You see here a quokka skeleton.
You see here 6 stones.
Done exploring.
Done exploring.
No target in view!
You see here 6 stones.
There is a stone staircase leading down here.
You climb downwards.
The gnoll shouts! x2; You hear a shout! x2
There is a stone staircase leading up here. 2 gnolls come into view.
The gnoll shouts!
The gnoll barely misses you.
The gnoll moves out of view.
You closely miss the gnoll. The gnoll misses you.
The gnoll completely misses you. The gnoll misses you.
You hit the gnoll but do no damage.
The gnoll hits you from afar with a +0 halberd.
The gnoll barely misses you. The gnoll closely misses you.
You hit the gnoll.
The gnoll is moderately wounded.
The gnoll hits you with a +0 whip.
The gnoll hits you from afar with a +0 halberd!
The gnoll hits you from afar with a +0 spear!
* * * LOW HITPOINT WARNING * * *
The gnoll barely misses you.
There is a stone staircase leading up here.
The gnoll hits you from afar with a +0 halberd.
* * * LOW HITPOINT WARNING * * *
The gnoll hits you with a +0 whip.
* * * LOW HITPOINT WARNING * * *
You climb upwards.
There is a stone staircase leading down here.
Okay, then.
You hit the gnoll.
The gnoll is heavily wounded.
The gnoll hits you with a +0 whip.
You die...

##....##.##.# #.# #..##.#
##..........# #.# #.##..#
###...##.#### #.######.##.##
###...##.## #........##.#
....#.....# ########.##.#
###...##..# ###.##.####### #
##.###..#### ##.....).......
####.###.....######.#..##.######.
..........##....@g.###.##.######.
.....####.#########.#............
#.#### #............#.##.#####..
#.# #.##########...##.# #.. #.#
#.# #.#.##.# #.. ..#######.#
#.#.##.# #.. ..........#
#.#.##.#####.. ###########
#....#....##.. # ##....####.#...


You could see a gnoll.

Vanquished Creatures
  4 adders
  A gnoll (D:1)
  A worm (D:3)
  A dart slug (D:1)
  2 orcs (D:3)
  4 endoplasms
  3 giant cockroaches
  5 goblins
  4 hobgoblins
  4 quokkas
  8 ball pythons
  4 bats
  2 frilled lizards (D:3)
  6 kobolds
  6 rats
55 creatures vanquished.

Notes
Turn   | Place    | Note
-------+----------+-------------------------------------------
     0 | D:1      | rocky1 the Merfolk Gladiator began the quest for the Orb.
     0 | D:1      | Reached XP level 1. HP: 16/16 MP: 1/1
    43 | D:1      | Found a faded altar of an unknown god.
    62 | D:1      | Reached XP level 2. HP: 19/23 MP: 2/2
   504 | D:1      | Reached XP level 3. HP: 23/28 MP: 3/3
  1411 | D:2      | Reached XP level 4. HP: 33/34 MP: 4/4
  1418 | D:2      | Learned a level 2 spell: Wereblood
  1848 | D:3      | Reached skill level 5 in Polearms
  2800 | D:4      | HP: 1/34 [gnoll/+0 whip (1)]
  2802 | D:3      | Slain by a gnoll

Illustrated notes

Levels and vault maps discovered:
D:1:      ncdulo_halloftheorcs, layout_loops_corners,
          hellmonk_ecumenical_altar_blasted, minmay_misc_feat_square
D:2:      layout_rooms
D:3:      layout_loops_ring
D:4:      layout_basic, mainiacjoe_overflow_small_starburst, serial_shops, shop

Skill      XL: |  1  2  3  4 |
---------------+-------------+-----
Polearms       | 5 |  5.8
Fighting       | |  2.6
Throwing       | |  2.1
Armour         | |  0.9
Dodging        | |  4.8
Stealth        | |  0.1

Action                     |  1- 3 |  4- 6 || total
---------------------------+-------+-------++-------
  Melee: Trident           |    89 |    99 ||   188
         Punch             |     1 |     2 ||     3
    Use: Scroll            |       |     1 ||     1
   Stab: Sleeping          |     1 |       ||     1
 Armour: Leather armour    |    35 |    48 ||    83
  Dodge: Dodged            |    49 |    38 ||    87

Table legend: (Time is in decaauts)
 A = Elapsed time spent in this place.
 B = Non-inter-level travel time spent in this place.
 C = Inter-level travel time spent in this place.
 D = Time resting spent in this place.
 E = Time spent auto-exploring this place.
 F = Levels seen in this place.
 G = Mean time per level.
                   A        B        C        D        E       F      G
               +--------+--------+--------+--------+--------+-----+--------+
         Total |   2813 |   2653 |    160 |    176 |   1824 |   4 |  703.2 |
       Dungeon |   2813 |   2653 |    160 |    176 |   1824 |   4 |  703.2 |
               +--------+--------+--------+--------+--------+-----+--------+

Top non-repeatable levels by time:
     D:1: 1135 daAuts
     D:3: 960 daAuts
     D:2: 710 daAuts
     D:4: 6 daAuts
